Unix NetHack Version 5.0.0-0 post-release - last build Jun 10 2026 00:39:30 (3ee93aec679c4c4259841fe613dc97188e26a321,branch:main).

Game began 2026-06-27 02:32:23, ended 2026-06-27 02:45:51.

Kwijibo4686, neutral male human Wizard

                                                                    ----------
                                                        -------     |........|
                                                        |......     |........|
                                                        |.....|   ##.........|
                                                        -.<...-#   #|.....>..|
                                                        -------#####-.--------
                                                               ##    #
                                                                     ###
                                                                       #
                                                                       @
                                                                      #es
                                                                        .
                                                                        ..
                                                                        ..
                                                                         .{
                                                                         ---

Kwijibo4686 the Conjurer  St:11 Dx:12 Co:16 In:18 Wi:9 Ch:9  Neutral
Dlvl:4  $:74 HP:0(25) Pw:19(19) AC:9  Xp:3 T:1080 

Latest messages:
 In what direction? 6
 The spell hits the garter snake!
 You kill the garter snake!
 You see here a garter snake corpse.
 Your kitten eats a garter snake corpse.
 You swap places with the peaceful acid blob.
 You kill the newt!
 You hear water falling on coins.
 You stop.  Your kitten is in the way!
 You try to move the boulder, but in vain.
 You try to move the boulder, but in vain.
 You try to move the boulder, but in vain.
 You swap places with your kitten.
 You descend the stairs.
 You swap places with your kitten.
 You kill the grid bug!
 You descend the stairs.
 B - a scroll labeled XOR OTA.
 You climb up the stairs.
 You swap places with your kitten.
 You miss the floating eye.
 You are frozen by the floating eye's gaze!
 The cave spider bites!
 The cave spider bites!
 The cave spider bites!
 The cave spider bites!
 The cave spider bites!
 The cave spider bites!
 The cave spider bites!
 The cave spider bites!
 The cave spider bites!
 The cave spider bites!
 You hear some noises.
 The cave spider bites!
 The cave spider bites!
 The cave spider bites!
 The cave spider bites!
 The cave spider bites!
 The cave spider bites!
 The cave spider bites!
 The cave spider bites!
 The cave spider bites!
 The cave spider bites!
 The cave spider bites!
 You die...
 Do you want your possessions identified? [ynq] (y) y
 Do you want to see your attributes? [ynq] (y) y
 Do you want an account of creatures vanquished? [ynaq] (y) y
 Do you want to see your conduct and achievements? [ynq] (y) y
 Do you want to see the dungeon overview? [ynq] (y) y

Inventory:
 Coins    ('$')
  $ - 74 gold pieces
 Weapons  (')')
  a - a blessed +1 quarterstaff (weapon in hands)
 Armor    ('[')
  b - an uncursed +0 cloak of magic resistance (being worn)
 Comestibles  ('%')
  o - 2 uncursed food rations
  t - an uncursed orange
  r - an uncursed lichen corpse
 Scrolls  ('?')
  B - a blessed scroll of amnesia
  k - an uncursed scroll of create monster
  q - a blessed scroll of destroy armor
  u - an uncursed scroll of destroy armor
  y - an uncursed scroll of enchant weapon
  j - an uncursed scroll of identify
  i - an uncursed scroll of remove curse
  z - an uncursed scroll of scare monster
 Spellbooks  ('+')
  l - a blessed spellbook of force bolt
  m - an uncursed spellbook of jumping
 Potions  ('!')
  s - an uncursed potion of blindness
  A - an uncursed potion of enlightenment
  f - 2 uncursed potions of healing
  g - an uncursed potion of monster detection
  h - an uncursed potion of water
 Rings    ('=')
  d - an uncursed ring of free action
  e - an uncursed ring of sustain ability
 Wands    ('/')
  v - a wand of light (0:14)
  c - a wand of light (0:13)
 Tools    ('(')
  p - a cursed leather drum
  n - a magic marker (0:20)
  x - an uncursed skeleton key

Kwijibo4686 the Wizard's attributes:

Background:
 You were a Conjurer, a level 3 male human Wizard.
 You were neutral, nominally on a mission for Thoth
 who was opposed by Ptah (lawful) and Anhur (chaotic).
 You were right-handed.
 You were in the Dungeons of Doom, on level 4.
 You entered the dungeon 1080 turns ago.
 It was nighttime.
 You had 53 experience points, 27 more were needed to attain level 4.

Basics:
 You had 0 out of 25 hit points.
 You had all 19 energy points (spell power).
 Your armor class was 9.
 Your wallet contained 74 zorkmids.
 Autopickup was on for '$?!/="' plus thrown.

Final Characteristics:
 Your strength was 11 (limit:18/100).
 Your dexterity was 12 (limit:18).
 Your constitution was 16 (limit:18).
 Your intelligence was 18 (limit:18).
 Your wisdom was 9 (limit:18).
 Your charisma was 9 (limit:18).

Final Status:
 You weren't hungry.
 You were unencumbered.
 You were wielding a quarterstaff.
 You had basic skill with quarterstaff.

Final Attributes:
 You were nominally aligned.
 You were magic-protected.
 You were warded.
 You are dead.

Miscellaneous:
 You didn't encounter any bones levels.
 Total elapsed playing time was 13 minutes and 27 seconds.

Major events:
 Turn
    1: Kwijibo4686 the neutral male human Wizard entered the dungeon
  726: attained the rank of Conjurer (level 3)
 1080: killed by a cave spider, while frozen by a floating eye's gaze

Spells:
 Name                 Level Category     Fail Retention
 force bolt             1   attack         0%  91%-100%
 jumping                1   escape         0%  76%-100%

Skills:
 Fighting Skills
   bare handed combat [Unskilled]
   riding             [Unskilled]
 Weapon Skills
   dagger             [Unskilled]
   knife              [Unskilled]
   axe                [Unskilled]
   short sword        [Unskilled]
   club               [Unskilled]
   mace               [Unskilled]
   quarterstaff       [Basic]
   polearms           [Unskilled]
   spear              [Unskilled]
   trident            [Unskilled]
   sling              [Unskilled]
   dart               [Unskilled]
   shuriken           [Unskilled]
 Spellcasting Skills
   attack spells      [Basic]
   healing spells     [Unskilled]
   divination spells  [Unskilled]
   enchantment spells [Basic]
   clerical spells    [Unskilled]
   escape spells      [Unskilled]
   matter spells      [Unskilled]

Voluntary challenges:
 Character rerolling was not enabled.
 You were an atheist.
 You were illiterate.
 You never genocided any monsters.
 You never polymorphed an object.
 You never changed form.
 You used no wishes.
Achievement:
 You attained the rank of Conjurer.

 The Dungeons of Doom: levels 1 to 5
    Level 1:
    Level 2:
       A fountain, a sink.
    Level 3:
       Many fountains.
    Level 4: <- You were here.
       A fountain.
       Final resting place for
          you, killed by a cave spider, while frozen by a floating eye's gaze.
    Level 5:


Vanquished creatures:
  a shrieker
  2 garter snakes
  a gnome zombie
  3 geckos
 10 jackals
  a fox
  a kobold
  a goblin
  2 grid bugs
  3 lichens
  a kobold zombie
  4 newts
30 creatures vanquished.

No species were genocided or became extinct.

Game over:
                       ----------
                      /          \
                     /    REST    \
                    /      IN      \
                   /     PEACE      \
                  /                  \
                  |   Kwijibo4686    |
                  |      74 Au       |
                  | killed by a cave |
                  |      spider      |
                  |                  |
                  |                  |
                  |       2026       |
                 *|     *  *  *      | *
        _________)/\\_//(\/(/\)/\//\/|_)_______

Goodbye Kwijibo4686 the Wizard...

You died in The Dungeons of Doom on dungeon level 4 with 479 points,
and 74 pieces of gold, after 1080 moves.
You were level 3 with a maximum of 25 hit points when you died.

